 Dungeon Crawl Stone Soup version 0.21-a0-552-g593960d (webtiles) character file.

21 Lavandula the Slasher (level 2, -40/24 HPs)
             Began as a Mummy Chaos Knight on Dec 17, 2017.
             Killed by the severe capriciousness of Xom (64 damage)
             ... on level 1 of the Dungeon.
             The game lasted 00:00:45 (610 turns).

Lavandula the Slasher (Mummy Chaos Knight)           Turns: 610, Time: 00:01:07

Health: -40/24     AC:  5    Str: 15    XL:     2   Next: 62%
Magic:  2/2        EV: 11    Int: 11    God:    Xom [.....*]
Gold:   57         SH:  0    Dex: 11    Spells: 1/1 levels left

rFire    x . .     SeeInvis .   a - +0 falchion (chaos)
rCold    + . .     Gourm    .   (no shield)
rNeg     + + +     Faith    .   b - +2 leather armour
rPois    ∞         Spirit   .   (no helmet)
rElec    .         Reflect  .   (no cloak)
rCorr    .         Harm     .   (no gloves)
MR       .....                  (no boots)
Stlth    +.........             (no amulet)
HPRegen  0.08/turn              (no ring)
MPRegen  0.08/turn              (no ring)

@: no status effects
A: no food or potions, fire vulnerability, cold resistance 1, negative energy
resistance 3, torment resistance, unbreathing
a: Renounce Religion


You were on level 1 of the Dungeon.
You worshipped Xom.
You were a BORING thing.
You were not hungry.

You visited 1 branch of the dungeon, and saw 1 of its levels.

You collected 57 gold pieces.

Inventory:

Hand Weapons
 a - a +0 falchion of chaos (weapon)
Armour
 b - a +2 leather armour (worn)
Scrolls
 c - 2 scrolls of blinking {unknown}
 d - a scroll of fear {unknown}
 e - a scroll of immolation {unknown}
 f - a scroll of enchant armour {unknown}
 g - 2 scrolls of teleportation {unknown}


   Skills:
 - Level 3.0 Fighting
 + Level 3.3 Long Blades
 - Level 1.5 Armour
 - Level 0.7 Dodging


You had one spell level left.
You didn't know any spells.

Dungeon Overview and Level Annotations

Branches:
Dungeon (1/15)

Altars:


Innate Abilities, Weirdness & Mutations

You do not eat or drink.
Your flesh is vulnerable to fire.
You are immune to poison.
Your flesh is cold resistant. (rC+)
You are immune to negative energy. (rN+++)
You are immune to unholy pain and torment.
You can survive without breathing.


Message History

You completely miss the goblin. The goblin hits you.
The goblin barely misses you.
You riposte.
You miss the goblin. You hit the goblin. You burn the goblin.
You kill the goblin!
No target in view! "Take this instrument of something!"
Something appears at your feet!
You now have 57 gold pieces (gained 41).
Xom is getting BORED.
You see here a dark potion.
Your trail of clouds dissipates.
You are now a BORING thing.
g - 2 scrolls labeled KODUTAY WOTOZUD (gained 1) "This scratches an itch."
The fire burns you terribly!
There is a sudden and violent explosion of flames!
The fireball engulfs you! The fire burns you terribly!
Ouch! That really hurt!
You die...
Xom giggles madly!

..# #.# #.# #.. ..# #.### #.# #..
.## #...# #.# #.. ## ###.# #.#
#.. # #.# #.# ### # #######.# #.#
# ##########.....#.## #.# #
##...........>....# #.# #
....(....#.###.#@.########.######
##.#####.#.# #.#.................
##.# #.#.# #.##.###########.###
#..# #.#.# #.##.# #.### #.##
#.#.# #.##.# ######.... #.# #.#.#
#.##.######......... #.# #.#.#
#.##..........!####. #.# #.#.#
#.##..#####.##.# ## #.# #.#.#
#.##..### #.##.# #


There were no monsters in sight!

Vanquished Creatures
  A leopard gecko (D:1)
  A giant cockroach (D:1)
  5 goblins (D:1)
  A hobgoblin (D:1)
  2 jackals (D:1)
  3 bats (D:1)
  A frilled lizard (D:1)
  A kobold (D:1)
  3 rats (D:1)
18 creatures vanquished.

Notes
Turn   | Place    | Note
-------+----------+-------------------------------------------
     0 | D:1      | Lavandula the Mummy Chaos Knight began the quest for the Orb.
     0 | D:1      | Reached XP level 1. HP: 18/18 MP: 1/1
     4 | D:1      | Noticed an electric eel
     4 | D:1      | Noticed an electric eel
   120 | D:1      | Reached XP level 2. HP: 24/24 MP: 2/2
   130 | D:1      | XOM: silly message
   442 | D:1      | XOM: divination: detect items
   518 | D:1      | XOM: cloud trail
   544 | D:1      | XOM: god gift: 41 gold pieces
   610 | D:1      | XOM is BORED!
   610 | D:1      | XOM: severe Fire miscast
   610 | D:1      | Killed by the severe capriciousness of Xom

Vault maps used:
D:1:      arrival_aquarium_b

Skill      XL: |  1 |
---------------+----+-----
Long Blades    | 3 |  3.3
Fighting       | |  3.0
Armour         | |  1.5
Dodging        | |  0.7

Action                   || total
-------------------------++-------
Melee: Falchion          ||    34
Armor: Leather armour    ||    10
Dodge: Dodged            ||    26
       Rpst.: Falchion   ||     8

Table legend:
 A = Spawn XP
 B = Non-spawn XP
 C = Spawn XP percentage of total XP
 D = Spawn monster count
 E = Non-spawn monster count
 F = Spawn count percentage of total count
 G = Total turns spent on level
                    A         B        C        D         E        F      G
               +---------+---------+-------+---------+---------+-------+---------
         Total |       0 |      30 |   0.0 |       0 |      18 |   0.0 |   610
               +---------+---------+-------+---------+---------+-------+---------
           D:1 |       0 |      30 |   0.0 |       0 |      18 |   0.0 |   610
               +---------+---------+-------+---------+---------+-------+---------
